AoeStats
← APC

Arabia

509838495Analyzed
1v1 RM · 3d ago on Sep 28, 2026· 47m 3s· 2 players
Game mode
Random Map
Map size
Tiny (2 player)
Population
200
Speed
Normal
Resources
Standard
Victory
Conquest
Starting age
Dark Age
Ending age
Imperial Age
RankedLock teamsTeams togetherTeam positionsShared explorationLock speedFull tech treeHidden civsTurbo modeCheats
Victory
Defeat
🇮🇹 Franks · Italy
1039
+17
🇨🇿 Lithuanians · Czechia
1053
-17
APC
10:57 Feudal Age
20:04 Fletching
20:14 Padded Archer Armor
21:06 Loom
24:01 Castle Age
22:32 Gold Mining
23:33 Scale Barding Armor
25:39 Forging
25:29 Bodkin Arrow
27:59 Forging
28:32 Chain Barding Armor
34:10 Wheelbarrow
34:35 Iron Casting
33:26 Pikeman
41:42 Imperial Age
39:39 Scale Mail Armor
39:14 Elite Skirmisher
44:36 Blast Furnace
43:52 Chain Mail Armor
45:52 Plate Barding Armor
48:11 Plate Mail Armor
Vorel
6:06 Loom
8:55 Feudal Age
11:00 Man-at-Arms
12:34 Horse Collar
13:47 Double-Bit Axe
24:59 Castle Age
23:35 Gold Mining
25:44 Bloodlines
25:02 Light Cavalry
25:06 Elite Skirmisher
28:28 Pikeman
39:23 Stone Mining
46:31 Padded Archer Armor
47:04 Fletching
47:30 Leather Archer Armor
Connection lost

Rejoining the realm…

Still unreachable

The connection could not be restored.

Session expired

The server has moved on; the page needs a fresh start.